 Dungeon Crawl Stone Soup version 0.30-a0-341-g682706514a (webtiles) character file.

Game seed: 2097551842300430737

445 Angani the Magician (level 6, -4/40 HPs)
             Began as a Draconian Hedge Wizard on Nov 1, 2022.
             Was a Follower of Hepliaklqana.
             Shot with an arrow by a centaur (11 damage)
             ... on level 6 of the Dungeon.
             The game lasted 00:07:49 (5121 turns).

Angani the Magician (Draconian Hedge Wizard)        Turns: 5121, Time: 00:07:51

Health: -4/40      AC:  6    Str: 12    XL:     6   Next: 72%
Magic:  17/22      EV: 12    Int: 16    God:    Hepliaklqana [*.....]
Gold:   266        SH:  0    Dex: 11    Spells: 11/14 levels left

rFire   . . .      SeeInvis .    d - +2 dagger (venom)
rCold   . . .      Faith    .    (no shield)
rNeg    . . .      Spirit   .    (body armour unavailable)
rPois   .          Reflect  .    b - +0 hat
rElec   .          Harm     .    (no cloak)
rCorr   .          Rampage  .    (no gloves)
Will    .....                    (no boots)
Stlth   ++........               (no amulet)
HPRegen 0.26/turn                g - ring of magical power
MPRegen 0.18/turn                (no ring)

@: no status effects
A: reduced essence, AC +6, unfitting armour, cold-blooded
a: Renounce Religion, Recall Ancestor, Ancestor Identity


You were on level 6 of the Dungeon.
You worshipped Hepliaklqana.
Hepliaklqana was aware of your devotion.
You visited 1 branch of the dungeon, and saw 6 of its levels.

You collected 266 gold pieces.

Inventory:

Hand Weapons
 d - a +2 dagger of venom (weapon)
Armour
 b - a +0 hat (worn)
Magical Staves
 a - a staff of fire
Jewellery
 g - a ring of magical power (left hand)
Scrolls
 e - a scroll of identify
 i - a scroll of teleportation
 j - 2 scrolls of blinking
 k - a scroll of fear {unknown}
 l - 2 scrolls of magic mapping {unknown}
 o - a scroll of immolation {unknown}
 q - a scroll of amnesia {unknown}
 t - 3 scrolls of silence {unknown}
 y - a scroll of enchant weapon {unknown}
 z - a scroll of enchant armour {unknown}
Potions
 c - a potion of magic
 f - 3 potions of curing {unknown}
 h - a potion of haste {unknown}
 m - 2 potions of might {unknown}
 n - 2 potions of ambrosia {unknown}
 p - 3 potions of brilliance {unknown}
 r - a potion of mutation {unknown}
 s - 2 potions of berserk rage {unknown}
 u - a potion of heal wounds
 v - a potion of attraction {unknown}
 w - 2 potions of lignification {unknown}
 x - a potion of degeneration {unknown}


   Skills:
 - Level 1.7 Dodging
 - Level 1.7 Stealth
 + Level 4.7 Spellcasting
 + Level 4.0 Conjurations
 + Level 4.0 Summonings
 - Level 1.0 Translocations


You had 11 spell levels left.
You knew the following spells:

 Your Spells              Type           Power      Damage    Failure   Level
a - Magic Dart            Conj           64%        1d6       3%          1
b - Call Imp              Summ           16%        N/A       4%          2

Your spell library contained the following spells:

 Spells                   Type           Power      Damage    Failure   Level
 Slow                     Hex            12%        N/A       16%         1
 Blink                    Tloc           14%        N/A       16%         2
 Cigotuvi's Dreadful Rot  Necr/Pois/Air  6%         N/A       24%         2
 Mephitic Cloud           Conj/Pois/Air  8%         N/A       26%         3
 Gell's Gravitas          Tloc           7%         N/A       30%         3
 Teleport Other           Tloc           7%         N/A       30%         3
 Confusing Touch          Hex            3%         N/A       43%         3
 Vampiric Draining        Necr           3%         2d6       43%         3
 Summon Lightning Spire   Summ/Air       10%        N/A       56%         4
 Airstrike                Air            1%         2d(1-17)  83%         4
 Lightning Bolt           Conj/Air       5%         1d17      88%         5
 Dispersal                Tloc           3%         N/A       100%        6


Dungeon Overview and Level Annotations

Branches:
Dungeon (6/15)             Temple (0/1) D:5

Altars:
Ashenzari
Hepliaklqana
Kikubaaqudgha

Shops:
D:3 (


Innate Abilities, Weirdness & Mutations

Your life essence is reduced to manifest your ancestor. (-10% HP)
Your plain brown scales are hard. (AC +6)
You cannot fit into any form of body armour.
You are cold-blooded and may be slowed by cold attacks.


Message History

Press: ? - help, Q - select action, (/) - cycle Shift-Dir - straight line, f/p - centaur
Aim: a centaur, wielding a +0 shortbow (heavily wounded, ally target, 100% to hit)
Ankherfenedjef avoids your attack.
The magic dart hits the centaur.
The centaur is heavily wounded.
The centaur shoots an arrow.
The arrow hits Ankherfenedjef.
The centaur shoots an arrow.
The arrow closely misses Ankherfenedjef.
The arrow hits you!
Aiming: Magic Dart (safe; 3% risk of failure)
Press: ? - help, Q - select action, (/) - cycle Shift-Dir - straight line, f/p - centaur
Aim: a centaur, wielding a +0 shortbow (heavily wounded, ally target, 100% to hit)
Ankherfenedjef avoids your attack.
The magic dart hits the centaur.
The centaur is severely wounded.
The centaur shoots an arrow.
The arrow hits Ankherfenedjef!
Ankherfenedjef is destroyed!
Aiming: Magic Dart (safe; 3% risk of failure)
Press: ? - help, Q - select action, (/) - cycle Shift-Dir - straight line, f/p - centaur
Aim: a centaur, wielding a +0 shortbow (severely wounded, 100% to hit)
The magic dart hits the centaur.
The centaur is almost dead.
The centaur shoots an arrow.
The arrow hits you but does no damage.
The centaur shoots an arrow.
The arrow hits you.
Aiming: Magic Dart (safe; 3% risk of failure)
Press: ? - help, Q - select action, (/) - cycle Shift-Dir - straight line, f/p - centaur
Aim: a centaur, wielding a +0 shortbow (almost dead, 100% to hit)
The magic dart hits the centaur.
The centaur is almost dead.
The centaur zombie hits you but does no damage.
The centaur zombie kicks you.
Aiming: Magic Dart (safe; 3% risk of failure)
Press: ? - help, Q - select action, (/) - cycle Shift-Dir - straight line, f/p - centaur
Aim: a centaur, wielding a +0 shortbow (almost dead, 100% to hit)
Okay, then.
The centaur zombie attacks as you move away!
The centaur zombie closely misses you.
The centaur zombie kicks you but does no damage.
The centaur shoots an arrow.
The arrow hits you!
* * * LOW HITPOINT WARNING * * *
The centaur shoots an arrow.
The arrow hits you!
You die...

#+# #.# #<#
##.## ##.@.##
##.....#####
#..Z.........
#.#..#.#...##
..........#...
c.......PP..##.
[......#......#
#...#.##...8...$
#...#. .....8..#


You could see a centaur and a centaur zombie.

Vanquished Creatures
  A bullfrog zombie (D:6)
  A jelly (D:5)
  2 orc priests
  An iguana (D:4)
  2 orc wizards (D:4)
  4 gnolls (D:4)
  3 adders
  An ufetubus (D:4)
  A worm (D:2)
  2 dart slugs
  14 orcs
  8 bats
  9 endoplasms
  6 goblins
  5 hobgoblins
  9 jackals
  6 quokkas
  10 ball pythons
  4 frilled lizards
  8 kobolds
  3 rats
  A spectral goblin (D:3)
101 creatures vanquished.

Vanquished Creatures (collateral kills)
  A hound (D:5)
  An orc wizard (D:5)
  An orc (D:5)
3 creatures vanquished.

Vanquished Creatures (others)
  3 ancestors
  3 plants (D:5)
6 creatures vanquished.

Grand Total: 110 creatures vanquished

Notes
Turn   | Place    | Note
-------+----------+-------------------------------------------
     0 | D:1      | Angani the Draconian Hedge Wizard began the quest for the
                  | Orb.
     0 | D:1      | Reached XP level 1. HP: 14/14 MP: 4/4
   211 | D:1      | Reached XP level 2. HP: 20/20 MP: 0/6
  1083 | D:1      | Found a faded altar of an unknown god.
  1088 | D:1      | Reached XP level 3. HP: 26/26 MP: 2/7
  1933 | D:2      | Reached XP level 4. HP: 26/33 MP: 3/9
  2393 | D:3      | Learned a level 2 spell: Call Imp
  2433 | D:3      | Found a hazy altar of Hepliaklqana.
  2565 | D:3      | Became a worshipper of Hepliaklqana the Forgotten
  2991 | D:3      | Found Juohia's Weapon Emporium.
  3227 | D:4      | Reached XP level 5. HP: 38/38 MP: 4/10
  3780 | D:4      | Found a broken altar of Ashenzari.
  3780 | D:4      | Found an ancient bone altar of Kikubaaqudgha.
  4429 | D:5      | Entered Level 5 of the Dungeon
  4442 | D:4      | Reached XP level 6. HP: 44/45 MP: 3/12
  4509 | D:5      | Reached * piety under Hepliaklqana
  4671 | D:5      | Noticed an orc warrior
  4768 | D:5      | Found a staircase to the Ecumenical Temple.
  5121 | D:6      | Shot with an arrow by a centaur

Illustrated notes

Levels and vault maps discovered:
D:1:      wander_arrival_estate, layout_loops_corners,
          shapermc_ecumenical_altar_ellora
D:2:      layout_rooms, minmay_tromino_v7
D:3:      layout_rooms, nicolae_hepliaklqana_monster_ancestors, serial_shops,
          nicolae_shop_bloodbath_and_beyond
D:4:      layout_basic, nicolae_overflow_two_pavilions, dk_noncrumbling_3,
          lemuel_flame_loot_1
D:5:      layout_rooms, minmay_temple_entry_gardened_gates
D:6:      layout_loops_corners, serial_undead, serial_undead_c, serial_undead_e,
          serial_undead_f, serial_undead_f, serial_undead_f, serial_undead_d,
          serial_shops, nicolae_shop_statue_plus, uniq_sigmund

Skill      XL: |  1  2  3  4  5  6 |
---------------+-------------------+-----
Conjurations   | 2 3 4 |  4.0
Summonings     | 2 3 4 |  4.0
Spellcasting   | 4 |  4.7
Dodging        | |  1.7
Stealth        | |  1.7
Translocations | |  1.0

Action                   |  1- 3 |  4- 6 || total
-------------------------+-------+-------++-------
Melee: Dagger            |    46 |    97 ||   143
       Tailslap          |     4 |    10 ||    14
 Cast: Magic Dart        |    85 |   117 ||   202
       Call Imp          |       |     2 ||     2
Invok: Recall Ancestor   |       |     1 ||     1
  Use: Scroll            |       |     3 ||     3
 Stab: Sleeping          |       |     2 ||     2
Armor: Skin              |    10 |    19 ||    29
Dodge: Dodged            |    25 |    47 ||    72

Table legend: (Time is in decaauts)
 A = Elapsed time spent in this place.
 B = Non-inter-level travel time spent in this place.
 C = Inter-level travel time spent in this place.
 D = Time resting spent in this place.
 E = Time spent auto-exploring this place.
 F = Levels seen in this place.
 G = Mean time per level.
                   A        B        C        D        E       F      G
               +--------+--------+--------+--------+--------+-----+--------+
         Total |   5127 |   4887 |    240 |   1025 |   3129 |   6 |  854.5 |
       Dungeon |   5127 |   4887 |    240 |   1025 |   3129 |   6 |  854.5 |
               +--------+--------+--------+--------+--------+-----+--------+

Top non-repeatable levels by time:
     D:1: 1479 daAuts
     D:4: 1393 daAuts
     D:2: 915 daAuts
     D:3: 819 daAuts
     D:5: 449 daAuts
     D:6: 70 daAuts
